 Dungeon Crawl Stone Soup version 0.31-a0-202-g547052bce9 (webtiles) character file.

Game seed: 6184319229187302240

821 qw the Skirmisher (level 7, -8/40 HPs)
             Began as a Deep Elf Hunter on June 26, 2023.
             Mangled by Pikel
             ... wielding a +0 whip of electrocution
              (17 damage)
             ... on level 5 of the Dungeon.
             The game lasted 00:01:21 (3922 turns).

qw the Skirmisher (Deep Elf Hunter)                 Turns: 3922, Time: 00:01:21

Health: -8/40      AC: 10    Str: 10    XL:     7   Next: 63%
Magic:  9/9        EV: 11    Int: 14    God:
Gold:   362        SH:  5    Dex: 18    Spells: 6/6 levels left

rFire   . . .        Y - +2 shortbow
rCold   . . .        (shield currently unavailable)
rNeg    . . .        h - +2 ring mail
rPois   .            (no helmet)
rElec   .            f - +0 cloak
rCorr   +            i - +0 pair of gloves
SInv    .            g - +0 pair of boots
Will    .....        e - amulet of reflection
Stlth   +            c - ring of resist corrosion
HPRegen 0.26/turn    (no ring)
MPRegen 0.11/turn

%: reflection
@: about to teleport
A: no striking features
a: no special abilities


You were on level 5 of the Dungeon.
You visited 2 branches of the dungeon, and saw 6 of its levels.

You collected 362 gold pieces.


   Skills:
 - Level 2.1 Fighting
 + Level 11.2 Ranged Weapons
 - Level 2.2 Armour
 - Level 3.5 Dodging
 - Level 1.2 Stealth


You had 6 spell levels left.
You didn't know any spells.
Your spell library was empty.

Inventory:

Hand Weapons
 Y - a +2 shortbow (weapon)
Armour
 f - a +0 cloak (worn)
 g - a +0 pair of boots (worn)
 h - a +2 ring mail (worn)
 i - a +0 pair of gloves (worn)
Jewellery
 c - a ring of resist corrosion (left hand)
 e - an amulet of reflection (around neck)
Scrolls
 j - a scroll of identify
Potions
 b - 3 potions of curing
 d - 2 potions of heal wounds {unknown}
 k - a potion of cancellation {unknown}

Dungeon Overview and Level Annotations

Branches:
Dungeon (5/15)             Temple (1/1) D:4

Altars:
Ashenzari
Elyvilon
Fedhas
Gozag
Kikubaaqudgha
Makhleb
Nemelex Xobeh
Qazlal
Ru
Uskayaw
Vehumet
Wu Jian
The Shining One

Shops:
D:5 :

Annotations:
D:2 1 runed translucent door, Crazy Yiuf
D:5 Pikel


Message History

There is an open door here.
You now have 362 gold pieces (gained 4).
There is an open door here.
Pikel shouts!
You hear a shout!
You shoot an arrow. The arrow hits Pikel.
Pikel is lightly wounded.
You shoot an arrow. The arrow hits Pikel.
Pikel is lightly wounded.
You shoot an arrow. The arrow hits Pikel.
Pikel is lightly wounded.
You shoot an arrow.
The arrow hits Pikel but does no damage.
Pikel is lightly wounded.
You shoot an arrow. The arrow hits Pikel.
Pikel is moderately wounded.
You shoot an arrow. The lemure shouts!
The arrow hits Pikel.
Pikel is moderately wounded.
You block Pikel's attack.
You shoot an arrow. The arrow completely misses Pikel.
Pikel hits you with a +0 whip of electrocution.
You shoot an arrow.
The arrow hits Pikel but does no damage.
Pikel is moderately wounded.
Pikel hits you with a +0 whip of electrocution!
You are electrocuted!!
3919 ||| READING scroll of teleportation.
As you read the scroll of teleportation, it crumbles to dust.
You feel strangely unstable. Pikel hits you but does no damage.
The lemure hits you but does no damage.
You shoot an arrow. The arrow hits Pikel.
Pikel is moderately wounded.
You block Pikel's attack.
You shoot an arrow. The arrow closely misses Pikel.
Pikel barely misses you. You block the lemure's attack.
You shoot an arrow. The arrow closely misses Pikel.
Pikel hits you with a +0 whip of electrocution.
You are electrocuted!
You die...

###'##.......###..##...######
##...####......#..##........#
#.......#......#.....}...}..#
#.......#......#.......\....#
#.......#......#.....}...}..#
##...##'#......####.........####
##...##.##+###.................#
......#......#.................#
......#......'..@5.....[.....%.#
......#......#..K5...<.........#
......#......#.................#
##########'###.................#
# ............................#
............................##
...........#'###.....#####....
...........#...#.....#...#....
...........#...#.....#...#....


You could see Pikel and 2 lemures.

Vanquished Creatures
  Sigmund (D:2)
  Menkaure (D:5)
  An ice beast (D:4)
  An ogre (D:4)
  2 lemures
  A scorpion (D:5)
  A hound (D:4)
  A jelly (D:4)
  2 iguanas (D:4)
  3 orc wizards
  7 adders
  2 worms
  A dart slug (D:2)
  6 orcs
  6 ball pythons
  3 bats (D:2)
  6 endoplasms
  3 giant cockroaches (D:1)
  4 goblins
  2 hobgoblins
  6 kobolds
  3 quokkas
  4 frilled lizards
  5 rats
72 creatures vanquished.

Notes
Turn   | Place    | Note
-------+----------+-------------------------------------------
     0 | D:1      | qw the Deep Elf Hunter began the quest for the Orb.
     0 | D:1      | Reached XP level 1. HP: 12/12 MP: 3/3
     0 | D:1      | 0 ||| qw: Version: 0.3-a-22-g0ed2b0b
     0 | D:1      | 0 ||| qw: Game counter: 6042
     0 | D:1      | 0 ||| qw: Melee chars always use a shield: true
     0 | D:1      | 0 ||| qw: God list: Okawaru
     0 | D:1      | 0 ||| qw: Allow faded altars: false
     0 | D:1      | 0 ||| qw: Do Orc after clearing Dungeon:15 true
     0 | D:1      | 0 ||| qw: Do second Lair branch before Depths: true
     0 | D:1      | 0 ||| qw: Lair rune preference: random
     0 | D:1      | 0 ||| qw: Goals: Normal
     0 | D:1      | 0 ||| PLANNING D:1-11
   200 | D:1      | Reached skill level 6 in Ranged Weapons
   200 | D:1      | Reached XP level 2. HP: 13/16 MP: 4/4
   704 | D:1      | 704 ||| UPGRADING to +0 ring mail.
   714 | D:1      | 714 ||| DROPPING +0 leather armour.
   715 | D:1      | 715 ||| DROPPING ring of magical power.
   716 | D:1      | 716 ||| READING 2 scrolls labelled DESIZE CAIH.
   720 | D:1      | 720 ||| READING scroll labelled POFARPH TE OGG.
   721 | D:1      | 721 ||| READING 3 scrolls labelled PAHIVA SAFYC.
   722 | D:1      | 722 ||| READING 2 scrolls of enchant armour.
   722 | D:1      | 722 ||| ENCHANTING +0 ring mail.
   723 | D:1      | 723 ||| READING scroll of enchant armour.
   723 | D:1      | 723 ||| ENCHANTING +1 ring mail.
   724 | D:1      | 724 ||| READING 2 scrolls labelled SUPLIG NEGUD.
   725 | D:1      | 725 ||| DROPPING scroll of butterflies.
   726 | D:1      | 726 ||| DROPPING scroll of fog.
   798 | D:2      | Found a faded altar of an unknown god.
   831 | D:2      | Noticed Sigmund
   843 | D:2      | HP: 3/16 [something/puff of flame (4)]
   844 | D:2      | Killed Sigmund
   845 | D:2      | Reached skill level 8 in Ranged Weapons
   845 | D:2      | Reached XP level 3. HP: 4/20 MP: 5/5
   845 | D:2      | Reached XP level 4. HP: 5/25 MP: 6/6
   845 | D:2      | Reached XP level 5. HP: 6/29 MP: 7/7
  1212 | D:2      | Reached skill level 9 in Ranged Weapons
  1325 | D:2      | Found a runed translucent door.
  1326 | D:2      | Noticed Crazy Yiuf
  1359 | D:2      | 1359 ||| READING scroll of enchant weapon.
  1359 | D:2      | 1359 ||| ENCHANTING +1 shortbow.
  1530 | D:2      | 1530 ||| UPGRADING to +0 cloak.
  1535 | D:2      | 1535 ||| UPGRADING to amulet of reflection.
  1540 | D:2      | 1540 ||| UPGRADING to ring of resist corrosion.
  1541 | D:2      | 1541 ||| READING scroll labelled NUDDEMN GOPHE.
  1542 | D:2      | 1542 ||| READING scroll labelled VIEPHY RYCH.
  1643 | D:2      | 1643 ||| READING scroll labelled RAHISCH FIAWAWN.
  1644 | D:2      | 1644 ||| DRINKING 3 coppery potions.
  2345 | D:3      | 2345 ||| UPGRADING to +0 pair of boots.
  2350 | D:3      | 2350 ||| UPGRADING to +0 pair of gloves.
  2377 | D:4      | Noticed an ice beast
  2385 | D:4      | Killed an ice beast
  2386 | D:4      | Reached XP level 6. HP: 23/35 MP: 8/8
  2446 | D:4      | Found a staircase to the Ecumenical Temple.
  2447 | D:4      | 2447 ||| PLANNING TEMPLE
  2455 | Temple   | Entered the Ecumenical Temple
  2663 | Temple   | 2663 ||| PLANNING D:1-11
  2999 | D:4      | Reached skill level 10 in Ranged Weapons
  2999 | D:4      | Reached XP level 7. HP: 40/40 MP: 9/9
  3187 | D:5      | Entered Level 5 of the Dungeon
  3291 | D:5      | Reached skill level 3 in Dodging
  3291 | D:5      | Noticed Menkaure
  3298 | D:5      | Killed Menkaure
  3363 | D:5      | Found Weecsyto's Vocational Training.
  3408 | D:5      | Noticed Pikel
  3419 | D:5      | HP: 10/40 [lemure[Pikel] (7)]
  3420 | D:5      | 3420 ||| READING 2 scrolls of teleportation.
  3421 | D:5      | HP: 1/40 [Pikel/+0 whip of electrocution (4)]
  3427 | D:5      | 3427 ||| FLEEEEING.
  3428 | D:5      | 3428 ||| FLEEEEING.
  3429 | D:5      | 3429 ||| FLEEEEING.
  3430 | D:5      | 3430 ||| FLEEEEING.
  3431 | D:5      | 3431 ||| FLEEEEING.
  3432 | D:5      | 3432 ||| FLEEEEING.
  3434 | D:5      | 3434 ||| FLEEEEING.
  3435 | D:5      | 3435 ||| FLEEEEING.
  3436 | D:5      | 3436 ||| FLEEEEING.
  3437 | D:5      | 3437 ||| STAIRDANCE
  3576 | D:5      | 3576 ||| STAIRDANCE
  3702 | D:5      | 3702 ||| Stepping ~*~*~tactically~*~*~ (outnumbered).
  3717 | D:5      | Reached skill level 11 in Ranged Weapons
  3918 | D:5      | HP: 9/40 [Pikel/+0 whip of electrocution (18)]
  3919 | D:5      | 3919 ||| READING scroll of teleportation.
  3922 | D:5      | Mangled by Pikel

Levels and vault maps discovered:
D:1:      psy_arrival_dodecagon, layout_loops_ring, grunt_decor_mini_mirrors,
          hangedman_feature_mirror
D:2:      layout_loops_cross, basic_ecumenical_altar, minmay_heptomino_w4,
          uniq_sigmund, uniq_crazy_yiuf_cottage
D:3:      layout_basic, serial_bayou_crossing
D:4:      layout_loops_cross, minmay_temple_entry_statues_fountains
D:5:      layout_gridville, mainiacjoe_overflow_chevrons,
          chequers_serial_rivers_micro_c, nicolae_shop_vocational, uniq_pikel,
          uniq_menkaure
Temple:   nicolae_temple_figure_eight

Skill      XL: |  1  2  3  4  5  6  7 |
---------------+----------------------+-----
Ranged Weapons | 6 8 9 10 11 | 11.2
Fighting       | 2 |  2.1
Armour         | 2 |  2.2
Dodging        | 3 |  3.5
Stealth        | |  1.2

Action                     |  1- 3 |  4- 6 |  7- 9 || total
---------------------------+-------+-------+-------++-------
   Fire: Shortbow          |    62 |   104 |   101 ||   267
    Use: Scroll            |     6 |     4 |     2 ||    12
         Potion            |       |     1 |       ||     1
 Armour: Leather armour    |     4 |       |       ||     4
         Ring mail         |     2 |    10 |    14 ||    26
  Dodge: Dodged            |    19 |    13 |    26 ||    58
  Block: Other             |       |     5 |    16 ||    21

Table legend:
 A = Non-vault XP
 B = Vault XP
 C = Vault XP percentage of total XP
 D = Non-vault monster count
 E = Vault monster count
 F = Vault count percentage of total count
                 A         B        C        D         E       F
            +---------+---------+-------+---------+---------+-------
      Total |     777 |     396 |  33.8 |      63 |       7 |  10.0
            +---------+---------+-------+---------+---------+-------
        D:1 |      32 |       0 |   0.0 |      18 |       0 |   0.0
        D:2 |      25 |     239 |  90.5 |      12 |       6 |  33.3
        D:3 |      37 |       0 |   0.0 |       9 |       0 |   0.0
        D:4 |     469 |       0 |   0.0 |      13 |       0 |   0.0
        D:5 |     214 |     157 |  42.3 |      11 |       1 |   8.3
            +---------+---------+-------+---------+---------+-------
